 Dungeon Crawl Stone Soup version 0.21.1 (webtiles) character file.

291 JeffiDaFish the Covered (level 6, -10/38 HPs)
             Began as a Gargoyle Fighter on Feb 4, 2018.
             Was a Follower of Okawaru.
             Killed by divine providence
             ... invoked by an orc priest
              (15 damage)
             ... on level 4 of the Dungeon.
             The game lasted 00:04:36 (1366 turns).

JeffiDaFish the Covered (Gargoyle Fighter)          Turns: 1366, Time: 00:04:37

Health: -10/38     AC: 11    Str: 20    XL:     6   Next: 32%
Magic:  6/6        EV:  5    Int:  8    God:    Okawaru [*.....]
Gold:   126        SH: 14    Dex: 11    Spells: 5/5 levels left

rFire    . . .     SeeInvis .   a - +1 flail
rCold    . . .     Gourm    .   i - +0 large shield
rNeg     + . .     Faith    .   b - +0 scale mail
rPois    ∞         Spirit   .   (no helmet)
rElec    +         Reflect  .   (no cloak)
rCorr    .         Harm     .   (no gloves)
MR       .....                  (no boots)
Stlth    ..........             e - amulet of rage
HPRegen  0.12/turn              j - ring of loudness
MPRegen  0.10/turn              (no ring)

@: no status effects
A: negative energy resistance 1, electricity resistance, unbreathing,
petrification resistance, rot immunity, AC +4
a: Heroism, Renounce Religion, Evoke Berserk Rage


You were on level 4 of the Dungeon.
You worshipped Okawaru.
Okawaru was aware of your devotion.
You were not hungry.

You visited 1 branch of the dungeon, and saw 3 of its levels.

You collected 126 gold pieces.

Inventory:

Hand Weapons
 a - a +1 flail (weapon)
Armour
 b - a +0 scale mail (worn)
 i - a +0 large shield (worn)
Jewellery
 e - an amulet of rage (around neck)
 j - a ring of loudness (left hand)
Wands
 c - a wand of disintegration (14)
Potions
 h - a potion of cancellation
Comestibles
 d - 3 chunks of flesh
 f - 4 rations


   Skills:
 + Level 4.3 Fighting
 + Level 3.7 Maces & Flails
 * Level 4.8 Armour
 - Level 0.3 Dodging
 * Level 4.7 Shields


You had 5 spell levels left.
You didn't know any spells.

Dungeon Overview and Level Annotations

Branches:
Dungeon (2/15)

Altars:
Okawaru
Zin


Innate Abilities, Weirdness & Mutations

You are resistant to torment.
Your stone body is resilient. (AC +4)
You are immune to poison.
You resist negative energy. (rN+)
You are resistant to electric shocks. (rElec)
You can survive without breathing.
You are immune to petrification.
You are immune to rotting.


Message History

The orc priest is heavily wounded.
You block the orc priest's attack.
Your shield and scale mail prevent you from hitting the orc priest.
The orc priest is moderately wounded.
You block the orc priest's attack. x2
An orc comes into view. It is wielding a flail.
You barely miss the orc priest.
The orc priest is moderately wounded.
The orc priest hits you with a short sword.
* * * LOW HITPOINT WARNING * * *
You hit the orc priest.
The orc priest is heavily wounded.
You block the orc priest's attack.
You closely miss the orc priest.
The orc priest is heavily wounded.
The orc priest mumbles some strange prayers to Beogh against you.
You barely resist.
The orc priest calls down the wrath of Beogh upon you.
Beogh smites you!
You die... #### .o# Zoo

#o#
#o#
#@#
#.#.#
#.#.#
#.#.#
#.#.#
#.#.#
#.#.##
#....#
##...#


You could see an orc priest, 4 orcs and a centaur skeleton.

Vanquished Creatures
  The ghost of aciddrop the Sneak, an amateur OpAs (D:4)
  An ogre (D:2)
  An iguana (D:4)
  A worker ant (D:4)
  An adder (D:2)
  2 worms
  A dart slug (D:2)
  An orc (D:4)
  A ball python (D:1)
  2 bats (D:1)
  A giant cockroach (D:1)
  4 goblins
  2 hobgoblins
  A quokka (D:2)
  A frilled lizard (D:1)
  6 kobolds
  A rat (D:1)
28 creatures vanquished.

Notes
Turn   | Place    | Note
-------+----------+-------------------------------------------
     0 | D:1      | JeffiDaFish the Gargoyle Fighter began the quest for the Orb.
     0 | D:1      | Reached XP level 1. HP: 14/14 MP: 1/1
   206 | D:1      | Found an iron altar of Okawaru.
   208 | D:1      | Reached XP level 2. HP: 19/19 MP: 2/2
   226 | D:1      | Became a worshipper of Warmaster Okawaru
   611 | D:2      | Reached XP level 3. HP: 23/23 MP: 3/3
   673 | D:2      | Noticed an ogre
   682 | D:2      | Killed an ogre
   682 | D:2      | Reached * piety under Okawaru
   682 | D:2      | Reached XP level 4. HP: 4/29 MP: 4/4
  1083 | D:2      | Reached XP level 5. HP: 33/33 MP: 5/5
  1135 | D:2      | You are sucked into a shaft for 2 floors!
  1135 | D:4      | Noticed aciddrop's ghost (amateur OpAs)
  1161 | D:4      | Killed aciddrop's ghost
  1161 | D:4      | Reached XP level 6. HP: 24/38 MP: 6/6
  1289 | D:4      | Found a glowing silver altar of Zin.
  1366 | D:4      | Killed from afar by an orc priest

Skill      XL: |  1  2  3  4  5 |
---------------+----------------+-----
Maces & Flails | 3 |  3.7
Armour         | 4 |  4.8
Shields        | 4 |  4.7
Fighting       | 4 |  4.3
Dodging        | |  0.3

Action                   |  1- 3 |  4- 6 || total
-------------------------+-------+-------++-------
Melee: Flail             |    50 |    75 ||   125
  Use: Scroll            |     4 |     1 ||     5
       Potion            |     3 |     1 ||     4
  Eat: Chunk             |       |     2 ||     2
Armor: Scale mail        |    30 |    20 ||    50
Dodge: Dodged            |    14 |     7 ||    21
Block: Shield            |    23 |       ||    23
       Large shield      |     2 |    50 ||    52
